 Dungeon Crawl Stone Soup version 0.31-a0-538-gbc85326fa9 (webtiles) character file.

Game seed: 6225372477763112779

142160 dialectric the Impregnable (level 16, -16/167 HPs)
             Began as a Minotaur Fighter on Aug 13, 2023.
             Was the Champion of Qazlal.
             Killed from afar by an ironbound thunderhulk (40 damage)
             ... with a bolt of lightning
             ... in a wizard's laboratory.
             The game lasted 00:47:06 (24340 turns).

dialectric the Impregnable (Minotaur Fighter)      Turns: 24340, Time: 00:47:07

Health: -16/167    AC: 42    Str: 30    XL:     16   Next: 79%
Magic:  15/15      EV: 15    Int:  5    God:    Qazlal [******]
Gold:   1994       SH:  8    Dex: 15    Spells: 15/15 levels left

rFire   . . .        N - +4 scimitar (flame)
rCold   . . .        (no shield)
rNeg    . . .        y - +0 crystal plate armour
rPois   .            (helmet unavailable)
rElec   .            E - +2 cloak {rCorr}
rCorr   +            f - +0 pair of gloves
SInv    .            Q - +2 pair of boots
Will    +....        (no amulet) Stlth
                     k - +6 ring of strength
HPRegen 0.47/turn    u - +5 ring of evasion
MPRegen 0.14/turn

%: random rage (3%), repel missiles
@: weakened, protected from physical damage, studying Axes
A: horns 3, retaliatory headbutt, berserk 1, wild magic 1
a: Renounce Religion, Upheaval, Elemental Force, Disaster Area


You were in a wizard's laboratory.
You worshipped Qazlal.
Qazlal was exalted by your worship.
You visited 8 branches of the dungeon, and saw 28 of its levels.
You also visited: Wizlab.

You collected 2414 gold pieces.
You spent 420 gold pieces at shops.

Inventory:

Hand Weapons
 b - a +5 vampiric demon trident
 J - a +5 falchion of flaming
 N - a +4 scimitar of flaming (weapon)
 S - the +2 quarterstaff "Fipsukh" {freeze, Str+2}
   (You found it on level 1 of the Elven Halls)

   Str+2:     It affects your strength (+2).
Missiles
 H - 14 poisoned darts (quivered)
 K - 4 throwing nets
Armour
 f - a +0 pair of gloves (worn)
 v - a scarf of resistance
 y - a +0 crystal plate armour (worn)
 z - the +0 chain mail of Happiness {rElec rF+ Regen+ Slay+2}
   (You found it on level 5 of the Dungeon)

   Slay+2:    It affects your accuracy & damage with ranged weapons and melee
   (+2).
   rF+:       It protects you from fire.
   rElec:     It insulates you from electricity.
   Regen+:    It increases your rate of health regeneration.
 E - a +2 cloak of preservation (worn)
 O - a +0 kite shield of reflection
 Q - a +2 pair of boots (worn)
Jewellery
 k - a +6 ring of strength (left hand)
 p - a ring of positive energy
 t - an amulet of magic regeneration
 u - a +5 ring of evasion (right hand)
 A - a ring of protection from cold
 G - a +6 ring of intelligence
Wands
 g - a wand of digging (8)
 r - a wand of flame (42)
 s - a wand of mindburst (2)
 B - a wand of paralysis (20)
 F - a wand of roots (17)
 R - a wand of acid (8)
Scrolls
 c - a scroll of fog
 h - 16 scrolls of identify
 i - 2 scrolls of vulnerability
 o - 2 scrolls of blinking
 w - 2 scrolls of teleportation
 x - 2 scrolls of enchant armour
 D - a scroll of brand weapon
 I - a scroll of revelation
 P - a scroll of enchant weapon
Potions
 a - 4 potions of curing
 e - 4 potions of haste
 j - 2 potions of enlightenment
 l - 2 potions of lignification
 m - a potion of attraction
 n - a potion of cancellation
 C - 2 potions of brilliance
 L - a potion of resistance
 M - 9 potions of ambrosia


   Skills:
 - Level 21.0 Fighting
 - Level 15.1 Long Blades
 + Level 3.6 Throwing
 + Level 24.0 Armour
 - Level 5.2 Dodging
 - Level 3.6 Shields
 + Level 0.6 Invocations
 + Level 3.7 Evocations


You had 15 spell levels left.
You didn't know any spells.
Your spell library contained the following spells:

 Spells                   Type           Power      Damage    Failure   Level
 Shock                    Conj/Air       0%         1d3       99%         1
 Ensorcelled Hibernation  Hex/Ice        0%         N/A       100%        2
 Passwall                 Tmut/Erth      0%         N/A       100%        2
 Static Discharge         Conj/Air       0%         2-2/arc   100%        2
 Dazzling Flash           Conj/Hex       0%         N/A       100%        3
 Swiftness                Air            0%         N/A       100%        3
 Airstrike                Air            0%         2d(0-16)  100%        4
 Anguish                  Hex/Necr       0%         N/A       100%        4
 Animate Armour           Summ/Erth      0%         N/A       100%        4
 Cause Fear               Hex            0%         N/A       100%        4
 Petrify                  Tmut/Erth      0%         N/A       100%        4
 Sticky Flame             Conj/Fire      0%         2d3       100%        4
 Summon Lightning Spire   Summ/Air       0%         N/A       100%        4
 Agony                    Necr           0%         N/A       100%        5
 Freezing Cloud           Conj/Ice/Air   0%         6-21      100%        5
 Silence                  Hex/Air        0%         N/A       100%        5
 Enfeeble                 Hex            0%         N/A       100%        7


Dungeon Overview and Level Annotations

Branches:
Dungeon (15/15)            Temple (1/1) D:6            Lair (5/5) D:10
 Shoals (1/4) Lair:2       Spider (2/4) Lair:3        Slime (0/5) Lair:4
    Orc (2/2) D:9             Elf (1/3) Orc:2        Vaults (0/5) D:14
 Depths (1/4) D:15         WizLab (1/1)

Altars:
Ashenzari
Cheibriados
Dithmenos
Elyvilon
Fedhas
Gozag
Hepliaklqana
Kikubaaqudgha
Makhleb
Nemelex Xobeh
Okawaru
Qazlal
Ru
Sif Muna
Trog
Uskayaw
Vehumet
Wu Jian
Xom
Yredelemnul
Zin
The Shining One
Jiyva

Shops:
D:4 [   D:8 ?   D:15 [   Orc:2 [=!*   Elf:1 =::   Shoals:1 (

Portals:
Pandemonium: Orc:2

Annotations:
D:2 Sigmund
D:12 2 runed translucent doors, Heh's ghost, journeyman OpFi
Temple 2 transporters
Lair:1 2 transporters
Lair:3 1 runed translucent door, Qefafrer's ghost, journeyman TrSh
Lair:4 1 runed translucent door
Spider:1 exclusion: oklob plant


Innate Abilities, Weirdness & Mutations

You have a pair of large horns on your head.
You reflexively headbutt those who attack you in melee.
You sometimes lose your temper in combat.
Your spells are a little harder to cast, but a little more powerful.


Message History

Qazlal accepts your kill.
The salamander hits you but does no damage.
Your Armour skill increases to level 24!
Unknown command.
You hit the gargoyle but do no damage.
The gargoyle hits you but does no damage.
You block the gargoyle's attack. You block the salamander's attack.
Unknown command.
You hit the gargoyle. You burn the gargoyle.
You headbutt the gargoyle, but do no damage.
The gargoyle is lightly damaged.
The gargoyle misses you. You furiously retaliate!
You headbutt the gargoyle! You block the gargoyle's attack.
Unknown command.
You hit the gargoyle but do no damage. Your headbutt misses the gargoyle.
The gargoyle is lightly damaged.
The salamander hits you but does no damage.
The gargoyle hits you but does no damage.
Strange energies crackle from the ironbound thunderhulk's apparatus.
The ironbound thunderhulk blinks!
The gargoyle barely misses you.
Unknown command.
You hit the gargoyle. You burn the gargoyle.
The gargoyle is heavily damaged.
You block the salamander's attack.
Unknown command.
Unknown command.
You hit the gargoyle. You burn the gargoyle.
The gargoyle is severely damaged.
The gargoyle hits you with a +0 flail of protection.
* * * LOW HITPOINT WARNING * * *
The gargoyle barely misses you. The salamander misses you.
Unknown command.
You slash the gargoyle! You burn the gargoyle.
You destroy the gargoyle!
Qazlal accepts your kill.
The gargoyle hits you with a +0 flail of protection.
* * * LOW HITPOINT WARNING * * *
Electricity crackles from the ironbound thunderhulk's apparatus.
The bolt of lightning hits you!!!
You die...

≈§≈§#...#
§≈§§#...#
§§§§#..O####
#####..8#..#...
........'..'...
#...# #.§N# #.
###9# #.. #.9@#
#... ######§).#
#..##...##..##
#.........##
#.......##
##.....##
###'###
##.....## ####
##8.....8##


You could see an ironbound thunderhulk, a salamander, a molten gargoyle and a
gargoyle.

Vanquished Creatures
  Donald (D:9)
  3 war gargoyles (WizLab)
  A stone giant (D:15)
  A broodmother (Spider:2)
  Nessos (Lair:4)
  Snorg (D:12)
  A crystal guardian (WizLab)
  A fire dragon (D:15)
  An entropy weaver (Spider:1)
  Josephine (D:10)
  2 hydras (Lair:5)
  Harold (D:10)
  A peacekeeper (WizLab)
  2 salamander tyrants (WizLab)
  2 catoblepae
  An ogre mage (D:15)
  A radroach (shapeshifter) (D:14)
  4 boulder beetles
  Erica (D:10)
  3 dancing weapons (Elf:1)
  3 demonspawn (Orc:2)
  7 two-headed ogres
  3 centaur warriors
  An anaconda (shapeshifter) (D:14)
  17 death yaks
  Urug (D:10)
  3 tengu warriors
  8 orc high priests
  5 demonic crawlers
  A deep elf knight (Elf:1)
  Lodul (D:10)
  3 skysharks
  4 pharaoh ants
  An orb spider (Spider:1)
  A deep elf archer (Elf:1)
  4 steelbarb worms
  Pikel (D:7)
  5 orc knights
  8 deep elf pyromancers
  6 deep elf zephyrmancers
  A manticore (D:15)
  28 ugly things
  9 orc sorcerers
  8 wolf spiders
  A merfolk siren (Lair:2)
  6 cyclopes
  18 elephants
  A rust devil (Orc:2)
  A molten gargoyle (WizLab)
  2 moths of wrath (Spider:2)
  6 black mambas
  2 gargoyles (WizLab)
  An orange demon (Orc:2)
  10 cane toads
  2 rime drakes
  A kobold demonologist (D:12)
  3 yaktaurs
  A freezing wraith (D:14)
  4 red devils (D:15)
  An efreet (D:13)
  An ice devil (Orc:2)
  9 komodo dragons
  A queen bee (Spider:1)
  6 trolls
  3 merfolk (Lair:2)
  3 meliai (Lair:3)
  3 polar bears (Lair:5)
  A queen bee (shapeshifter) (D:13)
  2 hornets
  9 blink frogs
  10 tarantellas
  6 wraiths
  3 slime creatures (D:12)
  13 jumping spiders
  12 culicivoras
  A wyvern (Lair:5)
  42 yaks
  A ynoxinul (Orc:2)
  A fire elemental (Elf:1)
  2 water elementals (Lair:2)
  19 redbacks
  Menkaure (D:4)
  A steam dragon (D:7)
  12 vampire mosquitoes
  6 basilisks
  A warg (Orc:1)
  15 water moccasins
  6 acid dragons
  3 sky beasts
  2 black bears
  30 orc warriors
  A black bear (shapeshifter) (D:13)
  17 ogres
  15 centaurs
  12 wolves
  2 phantoms
  3 kobold brigands
  14 bullfrogs
  4 gnoll sergeants
  A scorpion (D:6)
  10 wights
  30 killer bees
  4 howler monkeys
  5 electric eels
  4 jellies
  33 orc priests
  8 hounds
  3 sleepcaps
  Ijyb (D:5)
  Natasha (thrice) (D:3)
  6 iguanas
  23 orc wizards
  7 hell rats (Lair:5)
  5 adders
  16 gnolls
  A shadow imp (D:6)
  2 white imps (D:6)
  2 worms (D:3)
  73 orcs
  6 bats
  4 endoplasms
  A giant cockroach (D:1)
  3 goblins
  4 hobgoblins
  4 jackals (D:1)
  8 ball pythons
  4 frilled lizards
  10 kobolds
  4 rats
  A butterfly (D:9)
798 creatures vanquished.

Vanquished Creatures (others)
  A salamander tyrant (WizLab)
1 creature vanquished.

Grand Total: 799 creatures vanquished

Notes
Turn   | Place    | Note
-------+----------+-------------------------------------------
     0 | D:1      | dialectric the Minotaur Fighter began the quest for the
                  | Orb.
     0 | D:1      | Reached XP level 1. HP: 19/19 MP: 0/0
    95 | D:1      | Reached XP level 2. HP: 24/27 MP: 1/1
   113 | D:1      | Reached skill level 4 in Armour
   199 | D:1      | Reached skill level 1 in Dodging
   496 | D:1      | Reached XP level 3. HP: 33/33 MP: 2/2
   586 | D:2      | Noticed Natasha
   606 | D:3      | Killed Natasha
   801 | D:3      | Reached XP level 4. HP: 39/40 MP: 3/3
   902 | D:3      | Noticed Natasha
   907 | D:3      | Killed Natasha
  1056 | D:3      | Found a hazy altar of Hepliaklqana.
  1259 | D:3      | Noticed Natasha
  1262 | D:3      | Found a shimmering blue altar of Sif Muna.
  1266 | D:3      | Killed Natasha
  1566 | D:2      | Noticed Sigmund
  1743 | D:4      | Reached XP level 5. HP: 37/47 MP: 4/4
  1765 | D:4      | Reached skill level 5 in Armour
  1789 | D:4      | Found a broken altar of Ashenzari.
  1888 | D:4      | Found a snail-covered altar of Cheibriados.
  2059 | D:4      | Noticed Menkaure
  2062 | D:4      | Found an ancient bone altar of Kikubaaqudgha.
  2069 | D:4      | Killed Menkaure
  2070 | D:4      | Reached skill level 5 in Fighting
  2070 | D:4      | Reached XP level 6. HP: 30/56 MP: 5/5
  2266 | D:4      | Found Hukucim's Armour Boutique.
  2320 | D:5      | Entered Level 5 of the Dungeon
  2470 | D:5      | Identified the +0 chain mail of Happiness {rElec rF+ Regen+
                  | Slay+2}
  2583 | D:5      | Reached skill level 6 in Armour
  2742 | D:5      | Reached XP level 7. HP: 4/61 MP: 6/6
  2877 | D:5      | Got the Discursus on the Luminous Gathering
  2890 | D:5      | Got the Precepts of Reshaped Ouranomancy
  2960 | D:5      | Reached skill level 5 in Long Blades
  2960 | D:5      | Reached skill level 7 in Armour
  3006 | D:5      | Noticed Ijyb
  3017 | D:5      | Killed Ijyb
  3591 | D:6      | Found a staircase to the Ecumenical Temple.
  3681 | D:6      | Reached skill level 8 in Armour
  3681 | D:6      | Reached XP level 8. HP: 69/69 MP: 7/7
  3802 | D:6      | Found a shadowy altar of Dithmenos.
  3950 | D:6      | Found a glowing golden altar of the Shining One.
  3994 | Temple   | Found a transporter.
  3994 | Temple   | Found a transporter.
  3994 | Temple   | Found a transporter.
  3994 | Temple   | Found a transporter.
  3994 | Temple   | Entered the Ecumenical Temple
  4018 | Temple   | Became a worshipper of Qazlal Stormbringer
  4225 | D:7      | Reached skill level 9 in Armour
  4238 | D:7      | Found a burning altar of Makhleb.
  4244 | D:7      | Noticed an Executioner
  4248 | D:7      | Found an iron altar of Okawaru.
  4325 | D:7      | Gained mutation: Your spells are a little harder to cast,
                  | but a little more powerful. [potion of mutation]
  4325 | D:7      | Gained mutation: You have a pair of large horns on your
                  | head. [potion of mutation]
  4542 | D:6      | Reached * piety under Qazlal
  4603 | D:7      | Reached XP level 9. HP: 72/74 MP: 8/8
  4775 | D:7      | Noticed Pikel
  4820 | D:7      | Killed Pikel
  4821 | D:7      | Reached skill level 10 in Long Blades
  4821 | D:7      | Reached skill level 10 in Armour
  5062 | D:8      | Found Ugomm's Magic Scroll Shop.
  5123 | D:8      | Found a blossoming altar of Fedhas.
  5347 | D:8      | Reached ** piety under Qazlal
  5348 | D:8      | Reached skill level 11 in Armour
  5399 | D:8      | Found a white marble altar of Elyvilon.
  5813 | D:8      | Reached XP level 10. HP: 55/81 MP: 9/9
  5833 | D:8      | Reached skill level 5 in Dodging
  5873 | D:9      | Found a shimmering altar of Xom.
  5963 | D:9      | Found a hide-covered altar of Uskayaw.
  6431 | D:9      | Reached skill level 12 in Armour
  6498 | D:9      | Found a staircase to the Orcish Mines.
  6530 | D:9      | Reached *** piety under Qazlal
  6557 | D:10     | Entered Level 10 of the Dungeon
  6597 | D:10     | Found a staircase to the Lair.
  6650 | D:10     | Noticed Harold
  6660 | D:10     | Killed Harold
  6706 | D:10     | Noticed Lodul
  6710 | D:10     | Reached skill level 1 in Evocations
  6711 | D:10     | Reached XP level 11. HP: 38/91 MP: 10/10
  6925 | D:10     | Paralysed by Lodul for 4 turns
  6946 | D:10     | Killed Lodul
  6947 | D:10     | Reached skill level 13 in Armour
  7014 | D:10     | Found a sparkling altar of Nemelex Xobeh.
  7065 | D:10     | Noticed Urug
  7081 | D:10     | Killed Urug
  7147 | D:10     | Found a radiant altar of Vehumet.
  7194 | D:10     | Noticed Josephine
  7206 | D:10     | Killed Josephine
  7280 | D:10     | Reached **** piety under Qazlal
  7362 | D:10     | Noticed Erica
  7373 | D:10     | Killed Erica
  7937 | D:11     | Noticed a centaur warrior
  7960 | D:11     | Killed a centaur warrior
  7961 | D:11     | Reached skill level 14 in Armour
  8566 | D:12     | Found a large runed translucent door.
  8566 | D:12     | Found a large runed translucent door.
  8639 | D:12     | Reached skill level 15 in Long Blades
  8639 | D:12     | Noticed a two-headed ogre
  8643 | D:12     | Noticed a deep elf pyromancer
  8647 | D:12     | Killed a two-headed ogre
  8655 | D:12     | Killed a deep elf pyromancer
  8818 | D:12     | Reached XP level 12. HP: 66/104 MP: 11/11
  9137 | D:12     | Noticed Heh's ghost (journeyman OpFi)
  9254 | D:12     | Noticed Snorg
  9261 | D:12     | Killed Snorg
  9262 | D:12     | Reached skill level 15 in Armour
  9545 | Lair:1   | Entered Level 1 of the Lair of Beasts
  9554 | Lair:1   | Reached skill level 10 in Fighting
  9717 | Lair:1   | Found a blossoming altar of Fedhas.
  9835 | Lair:1   | Found a transporter.
  9991 | Lair:1   | Found a transporter.
 10435 | Lair:2   | Reached skill level 16 in Armour
 10442 | Lair:2   | Identified the +7 halberd "Wimpy" {flame, rCorr Int+3}
 10519 | Lair:2   | Reached ***** piety under Qazlal
 10912 | Lair:2   | Found a staircase to the Shoals.
 11345 | Lair:3   | Noticed Qefafrer's ghost (journeyman TrSh)
 11345 | Lair:3   | Found a runed translucent door.
 11416 | Lair:3   | Reached XP level 13. HP: 97/119 MP: 12/12
 11462 | Lair:3   | Reached skill level 17 in Armour
 11497 | Lair:3   | Found a hole to the Spider Nest.
 13358 | Orc:1    | Entered Level 1 of the Orcish Mines
 13735 | Orc:2    | Entered Level 2 of the Orcish Mines
 13736 | Orc:2    | Noticed Donald
 14492 | Lair:3   | Reached skill level 15 in Fighting
 14689 | D:14     | Reached ****** piety under Qazlal
 14754 | D:13     | Reached skill level 18 in Armour
 15111 | D:14     | Reached XP level 14. HP: 67/137 MP: 13/13
 15298 | D:14     | Found a gate to the Vaults.
 15338 | D:14     | Found an iron altar of Okawaru.
 15633 | D:15     | Entered Level 15 of the Dungeon
 15639 | D:15     | Found Kyuraipt's Antique Armour Shoppe.
 16263 | D:15     | Bought a runed cloak for 277 gold pieces
 16305 | D:15     | Reached skill level 19 in Armour
 17089 | Lair:4   | Noticed Nessos
 17113 | Lair:4   | Killed Nessos
 17253 | Lair:4   | Found a runed translucent door.
 17256 | Lair:4   | Found a viscous altar of Jiyva.
 17257 | Lair:4   | Found a staircase to the Slime Pits.
 17257 | Lair:4   | Noticed an acid blob
 17552 | Lair:5   | Entered Level 5 of the Lair of Beasts
 17820 | Lair:5   | Reached skill level 20 in Armour
 17839 | Lair:5   | Reached XP level 15. HP: 140/151 MP: 14/14
 18438 | D:9      | Killed Donald
 18725 | Orc:2    | Found Zerigin's Distillery.
 18736 | Orc:2    | Found Sotiu's General Store.
 18752 | Orc:2    | Reached skill level 1 in Throwing
 19394 | Orc:2    | Found a staircase to the Elven Halls.
 19443 | Orc:2    | Bought a potion of curing for 39 gold pieces
 19443 | Orc:2    | Bought a potion of curing for 39 gold pieces
 19927 | Orc:2    | Paralysed by an orc sorcerer for 4 turns
 19951 | Orc:2    | Bought a potion of heal wounds for 65 gold pieces
 20055 | Orc:2    | Gained mutation: You sometimes lose your temper in combat.
                  | [a neqoxec]
 20291 | Shoals:1 | Entered Level 1 of the Shoals
 20291 | Shoals:1 | Found Efipliefei's Weapon Shoppe.
 20398 | Spider:1 | Entered Level 1 of the Spider Nest
 20455 | Lair:3   | Reached skill level 21 in Armour
 21721 | Spider:2 | Reached XP level 16. HP: 165/167 MP: 15/15
 22041 | Spider:2 | Reached skill level 22 in Armour
 22105 | Spider:2 | HP: 3/167 [disintegration (50)]
 22908 | D:15     | Found a staircase to the Depths.
 23282 | Depths:1 | Entered Level 1 of the Depths
 23282 | Depths:1 | Noticed a lich
 23628 | Orc:2    | Reached skill level 23 in Armour
 23645 | Orc:2    | Found Zugive's Jewellery Shoppe.
 23645 | Orc:2    | Found Nafeinam's Antique Armour Emporium.
 23646 | Orc:2    | Found a one-way gate leading to the halls of Pandemonium.
 23810 | Elf:1    | Entered Level 1 of the Elven Halls
 23854 | Elf:1    | Identified the +2 quarterstaff "Fipsukh" {freeze, Str+2}
 24104 | Elf:1    | Found Fanalucs's Book Boutique.
 24105 | Elf:1    | Found Zeedablotsa's Jewellery Emporium.
 24107 | Elf:1    | Found Kajeunk's Book Boutique.
 24224 | Elf:1    | Found a magical portal.
 24232 | WizLab   | Entered Maxwell's Workshop
 24335 | WizLab   | Reached skill level 24 in Armour
 24340 | WizLab   | Killed from afar by an ironbound thunderhulk

Illustrated notes

Levels and vault maps discovered:
D:1:      onia_arrival_pyramid, layout_rooms
D:2:      layout_rooms, uniq_crazy_yiuf_cottage, uniq_sigmund, uniq_natasha
D:3:      layout_loops_ring, lemuel_tele_altar, mainiacjoe_overflow_alcove_2,
          hangedman_decor_growths, due_unseen_surprise
D:4:      layout_rooms, cheibrodos_ashenzari_chains, amcnicky_altar_gilded,
          mainiacjoe_overflow_alcove_1, serial_shops, kennysheep_little_box,
          uniq_menkaure
D:5:      layout_loops_corners, kb_lookout_dungeons_type, uniq_ijyb
D:6:      layout_rooms, nicolae_tso_swordbearing_angel,
          nicolae_dithmenos_shadow_blocks, temple_doors_ab
D:7:      layout_gridville, mainiacjoe_overflow_alcove_4,
          makhleb_altar_promises_db, uniq_pikel
D:8:      layout_loops_ring, fedhas_altar_2,
          mainiacjoe_overflow_surrounded_room, serial_shops, shop,
          dk_noncrumbling_4
D:9:      layout_irregular_city, lemuel_doored_altar, xom_butterflies,
          kennysheep_orc_monster_closet_entryway
D:10:     layout_gridville, mainiacjoe_overflow_six_doors_small,
          nicolae_vehumet_altar_sigil, erik_lair_island, uniq_lodul, uniq_erica,
          uniq_josephine, uniq_urug, uniq_harold
D:11:     layout_loops_ring
D:12:     layout_cave_pods, ebering_ghost_disaster_area, uniq_snorg
D:13:     layout_basic
D:14:     layout_cave_pools, david_vaults_2, okawaru_ov_weapons_minmay
D:15:     grunt_enter_depths_snipers, layout_loops_ring, minmay_misc_feat_rows,
          serial_shops, shop, einodemon_armed_red_devil_minivault
Temple:   hellmonk_temple_divided_pantheon
Lair:1:   gammafunk_cloud_chamber, layout_cave_pods, basic_altar
Lair:2:   layout_cave_pods, elwin_shoals_entry_stream
Lair:3:   layout_cave_pods, spider_nest_entry_rubble, ebering_ghost_inner_flame
Lair:4:   layout_gridlike, slime_entry_2, uniq_nessos
Lair:5:   grunt_lair_end_beastmaster, layout_long_grid, lemuel_fruit_tree,
          serial_bayou_shore_a, grunt_megastairs_4, infiniplex_staircase_pool
Shoals:1: layout_shoals, serial_shops, nicolae_shop_mannequins
Spider:1: layout_spider_delve, special_room [special_room_bee],
          nicolae_spider_acid_house
Spider:2: layout_spider_delve
Orc:1:    layout_diamond_mine
Orc:2:    pf_orc_diabolical, layout_diamond_mine,
          portal_ice_cave_entry_pillars_1, uniq_donald
Elf:1:    nicolae_elf_arrival_no_cutting_in_line, layout_geoelf_octagon,
          mu_enter_wizlab_4, minmay_elf_necromancy, grunt_megastairs_1,
          minmay_shop_grove
Depths:1: layout_roguey, grunt_metal_band, nicolae_trove_entry_crystal,
          minmay_holes, ebering_ghost_xom, chequers_serial_rivers_micro_a,
          hangedman_abyss_or_decor_stagger, nicolae_shop_i_like_small_books_too,
          minmay_misc_feat_roman, infiniplex_staircase_pool_lava
WizLab:   wizlab_maxwell

Skill      XL: |  1  2  3  4  5  6  7  8  9 10 11 12 13 14 15 16 |
---------------+-------------------------------------------------+-----
Armour         | 4 5 6 8 9 11 12 14 16 18 20 21 24 | 24.0
Dodging        | 1 2 3 4 5 |  5.2
Fighting       | 4 5 6 9 12 16 18 21 | 21.0
Long Blades    | 3 4 6 9 11 13 15 | 15.1
Evocations     | 1 2 3 |  3.7
Throwing       | 1 3 |  3.6
Shields        | |  3.6
Invocations    | |  0.6

Action                     |  1- 3 |  4- 6 |  7- 9 | 10-12 | 13-15 | 16-18 || total
---------------------------+-------+-------+-------+-------+-------+-------++-------
  Melee: Long sword        |    89 |    85 |   247 |    37 |       |       ||   458
         Headbutt          |     4 |    21 |    50 |   120 |   264 |    90 ||   549
         Punch             |       |     2 |     4 |     8 |    18 |     9 ||    41
         Falchion          |       |       |       |   206 |       |       ||   206
         Scimitar          |       |       |       |   258 |  1047 |   302 ||  1607
  Throw: Dart              |       |       |       |       |    10 |     1 ||    11
 Invoke: Upheaval          |       |       |       |       |       |     1 ||     1
  Evoke: Wand              |       |     2 |       |     5 |    10 |     3 ||    20
    Use: Potion            |       |     2 |     1 |     2 |     2 |     8 ||    15
         Scroll            |       |       |     6 |    11 |    15 |     2 ||    34
   Stab: Petrified         |       |       |       |       |     1 |       ||     1
 Armour: Scale mail        |    79 |    18 |       |       |       |       ||    97
         Chain mail        |       |    13 |   162 |   219 |    91 |       ||   485
         Crystal plate arm |       |       |       |       |   581 |   199 ||   780
  Dodge: Dodged            |    69 |    44 |   143 |   268 |   632 |   189 ||  1345
         Repelled          |       |       |       |     5 |     6 |     7 ||    18
  Block: Other             |       |       |     7 |   102 |   418 |   111 ||   638

Table legend: (Time is in decaauts)
 A = Elapsed time spent in this place.
 B = Non-inter-level travel time spent in this place.
 C = Inter-level travel time spent in this place.
 D = Time resting spent in this place.
 E = Time spent auto-exploring this place.
 F = Levels seen in this place.
 G = Mean time per level.
                   A        B        C        D        E       F      G
               +--------+--------+--------+--------+--------+-----+--------+
         Total |  24055 |  21534 |   2521 |   1753 |  14043 |  29 |  829.5 |
       Dungeon |  13359 |  12139 |   1220 |    844 |   8298 |  15 |  890.6 |
        Temple |     38 |     38 |      0 |      0 |      0 |   1 |   38.0 |
          Lair |   6349 |   5224 |   1125 |    682 |   3326 |   5 | 1269.8 |
        Shoals |     13 |     13 |      0 |      0 |      0 |   1 |   13.0 |
   Spider Nest |   1377 |   1342 |     35 |     22 |    838 |   2 |  688.5 |
  Orcish Mines |   2569 |   2432 |    137 |    204 |   1579 |   2 | 1284.5 |
   Elven Halls |    251 |    251 |      0 |      0 |      0 |   1 |  251.0 |
        Depths |      6 |      6 |      0 |      0 |      0 |   1 |    6.0 |
        Wizlab |     89 |     89 |      0 |      0 |      0 |   1 |   89.0 |
               +--------+--------+--------+--------+--------+-----+--------+

Top non-repeatable levels by time:
  Lair:3: 2077 daAuts
   Orc:2: 1849 daAuts
  Lair:1: 1574 daAuts
    D:10: 1311 daAuts
    D:14: 1255 daAuts
  Lair:2: 1251 daAuts
    D:12: 1127 daAuts
    D:15: 1080 daAuts
     D:5: 1022 daAuts
     D:3: 1008 daAuts
     D:9: 991 daAuts
     D:7: 919 daAuts
    D:13: 906 daAuts
     D:8: 847 daAuts
    D:11: 833 daAuts
